 Dungeon Crawl Stone Soup version 0.14-a0-484-gae2d0ec (webtiles) character file.

156 MackTheKnife the Insei (level 4, -11/32 HPs)
             Began as a Merfolk Transmuter on Oct 31, 2013.
             Mangled by a kobold
             ... wielding a +2,+3 whip of electrocution
              (18 damage)
             ... on Level 2 of the Dungeon.
             The game lasted 00:03:09 (1747 turns).

MackTheKnife the Insei (Merfolk Transmuter)         Turns: 1747, Time: 00:03:10

HP -11/32        AC  5     Str 10      XL: 4   Next:  3%
MP   4/6         EV 11     Int 12      God:
Gold 97          SH  0     Dex 15      Spells:  2 memorised,  3 levels left

Res.Fire  : . . .   See Invis. : .     - Unarmed
Res.Cold  : . . .   Warding    : .   g - +0 leather armour
Life Prot.: . . .   Conserve   : .   (no shield)
Res.Poison: .       Res.Corr.  : .   c - +2 orc wizard hat
Res.Elec. : .       Clarity    : .   (no cloak)
Sust.Abil.: . .     Spirit.Shd : .   (no gloves)
Res.Mut.  : .       Stasis     : .   (no boots)
Res.Rott. : .       Flight     : .   (no amulet)
Saprovore : . . .                    (no ring)
                                     (no ring)

@: appendage, very slightly contaminated, slightly resistant to hostile
enchantments, unstealthy
A: change form in water, swift swim, horns 2
a: End Transformation


You were on level 2 of the Dungeon.
You were hungry.
You had grown temporary horns.
You visited 1 branch of the dungeon, and saw 2 of its levels.

You collected 97 gold pieces.


Innate Abilities, Weirdness & Mutations

You revert to your normal form in water.*
You are very nimble and swift while swimming.*
You have a pair of horns on your head.*


   Skills:
 - Level 1.1 Fighting
 - Level 1.0 Armour
 - Level 2.6 Dodging
 - Level 0.2 Stealth
 + Level 4.5 Unarmed Combat
 - Level 2.0 Spellcasting
 + Level 3.2 Transmutations
 + Level 0.0 Poison Magic


You had 3 spell levels left.
You knew the following spells:

 Your Spells              Type           Power        Failure   Level  Hunger
x - Spider Form           Trmt/Pois      #.........   43%         3    ####...
z - Beastly Appendage     Trmt           #.....       10%         1    ##.....

Inventory:

Hand weapons
 o - a +2,+0 trident of protection
Missiles
 b - 12 arrows
Armour
 c - a +2 orcish wizard hat (worn)
 g - a +0 leather armour (worn)
Comestibles
 a - 3 bread rations
 n - a meat ration
 p - an apple
Scrolls
 e - a scroll of curse jewellery {unknown}
 f - a scroll of blinking {unknown}
 j - a scroll of amnesia {unknown}
 k - a scroll of remove curse {unknown}
 l - a scroll of identify {unknown}
Potions
 h - a potion of brilliance {unknown}
 i - a potion of heal wounds {unknown}
 m - a potion of curing
 q - a potion of restore abilities {unknown}
 r - a potion of speed {unknown}
Books
 d - a book of Changes

   Spells                             Type                      Level
   *Beastly Appendage                 Transmutation                1
   Sticks to Snakes                   Transmutation                2
   *Spider Form                       Transmutation/Poison         3
   Ice Form                           Ice/Transmutation            4
   Blade Hands                        Transmutation                5

···▒ ▒·▒▒·······▒
···▒ ▒·)'·······▒
▒▒▒▒ ▒▒▒▒·>·····▒ ▒▒
▒·······▒ ·▒▒
▒▒▒▒'▒▒▒▒ ··▒ ▒···▒
▒·▒ ▒▒▒·▒▒ ▒·▒ ▒··▒
▒'▒▒ ▒▒▒▒▒▒▒▒▒m▒
···▒▒▒ ▒········K··▒
···%·▒▒▒·········<·▒
···▒···▒·<·····>···+
···▒▒▒·')··········▒
···▒ ▒▒▒···········▒
▒▒▒▒ ▒···········▒
▒▒▒▒▒'▒▒▒▒▒▒▒


You could see a kobold.


Message History

A kobold is nearby!
You miscast Beastly Appendage.
You are very lightly contaminated with residual magic.
The air around you crackles with energy!
The kobold hits you with a runed whip.
There is an open door here.
You closely miss the kobold. The kobold hits you but does no damage.
You grow a pair of large bovine horns.
You are feeling hungry.
The kobold hits you with a runed whip.
You hit the kobold.
The kobold is almost dead.
The kobold hits you with a runed whip.
You are electrocuted!
* * * LOW HITPOINT WARNING * * *
You hit the kobold but do no damage.
The kobold is almost dead.
You closely miss the kobold.
You headbutt the kobold, but do no damage.
The kobold is almost dead.
The kobold closely misses you.
You barely miss the kobold.
The kobold is almost dead.
The kobold hits you but does no damage.
You hit the kobold but do no damage.
The kobold is almost dead.
The kobold hits you but does no damage.
You are electrocuted!
Ouch! That really hurt!
You die...

Action                   |  1- 3 |  4- 6 || total
-------------------------+-------+-------++-------
Melee: Unarmed           |   132 |     9 ||   141
 Cast: Beastly Appendage |    12 |     1 ||    13
  Use: Potion            |     1 |       ||     1
 Stab: Sleeping          |     1 |       ||     1

Vault maps used:
D:1:      minmay_entry_glassed_features, serial_forest,
          infiniplex_forest_lined_2, infiniplex_forest_straight_3,
          infiniplex_forest_clump_small, infiniplex_forest_clump_medium,
          infiniplex_forest_lined_2, infiniplex_forest_lined_ring
D:2:      fedhas_altar_1, first_bread

Notes
Turn   | Place    | Note
--------------------------------------------------------------
     0 | D:1      | MackTheKnife, the Merfolk Transmuter, began the quest for the Orb.
     0 | D:1      | Reached XP level 1. HP: 15/15 MP: 1/1
   320 | D:1      | Reached XP level 2. HP: 21/21 MP: 3/3
   632 | D:1      | Reached skill level 4 in Unarmed Combat
   920 | D:2      | Found a blossoming altar of Fedhas.
   991 | D:2      | Reached XP level 3. HP: 21/26 MP: 2/4
  1123 | D:2      | Reached skill level 3 in Transmutations
  1711 | D:2      | Reached skill level 1 in Armour
  1711 | D:2      | Reached XP level 4. HP: 24/32 MP: 4/6
  1728 | D:2      | Learned a level 3 spell: Spider Form
  1747 | D:2      | Mangled by a kobold

Vanquished Creatures
  2 adders (D:2)
  A giant gecko (D:2)
  An ooze (D:2)
  5 bats
  5 hobgoblins
  2 jackals (D:1)
  A ball python (D:1)
  4 giant cockroaches
  2 giant newts
  5 goblins
  4 kobolds (D:1)
  8 rats
40 creatures vanquished.
